 Dungeon Crawl Stone Soup version 0.21-a0-517-gd76cfe0 (webtiles) character file.

70 slep the Chopper (level 4, 0/37 HPs)
             Began as a Hill Orc Gladiator on Dec 4, 2017.
             Slain by a rat (3 damage)
             ... on level 2 of the Dungeon.
             The game lasted 00:03:01 (817 turns).

slep the Chopper (Hill Orc Gladiator)                Turns: 817, Time: 00:03:02

Health: 0/37       AC:  4    Str: 17    XL:     4   Next: 22%
Magic:  4/4        EV: 12    Int:  8    God:
Gold:   114        SH:  0    Dex: 12    Spells: 3/3 levels left

rFire    . . .     SeeInvis .   a - +0 war axe
rCold    . . .     Gourm    .   (no shield)
rNeg     . . .     Faith    .   b - +0 leather armour
rPois    .         Spirit   .   c - +0 helmet
rElec    .         Reflect  .   (no cloak)
rCorr    .         Harm     .   (no gloves)
MR       .....                  (no boots)
Stlth    +.........             (no amulet)
HPRegen  0.12/turn              (no ring)
MPRegen  0.09/turn              (no ring)

@: lethally poisoned (0 -> -6)
A: no striking features
a: no special abilities


You were on level 2 of the Dungeon.
You were not hungry.

You visited 1 branch of the dungeon, and saw 2 of its levels.

You collected 114 gold pieces.

Inventory:

Hand Weapons
 a - a +0 war axe (weapon)
Missiles
 d - 3 throwing nets (quivered)
Armour
 b - a +0 leather armour (worn)
 c - a +0 helmet (worn)
Jewellery
 o - an uncursed ring of ice
Scrolls
 e - a scroll of blinking {unknown}
 i - 2 scrolls of identify {unknown}
 j - a scroll of fog {unknown}
 m - 3 scrolls of fear {unknown}
 n - a scroll of remove curse {unknown}
 p - a scroll of amnesia {unknown}
Potions
 g - a potion of cancellation
 k - a potion of flight {unknown}
 l - a potion of agility {unknown}
Comestibles
 f - 3 bread rations
 h - a meat ration


   Skills:
 + Level 2.8 Fighting
 + Level 5.1 Axes
 + Level 2.1 Throwing
 + Level 1.2 Armour
 + Level 3.0 Dodging


You had 3 spell levels left.
You didn't know any spells.

Dungeon Overview and Level Annotations

Branches:
Dungeon (2/15)

Altars:


Message History

The dart slug launches a dart at you. The slug dart hits you!
* * * LOW HITPOINT WARNING * * *
The rat closely misses you. The adder completely misses you.
You hit the adder.
The adder is heavily wounded.
You slash the dart slug!
You kill the dart slug!
Your Dodging skill increases to level 3!
You closely miss the rat.
* * * LOW HITPOINT WARNING * * *
You feel sick. The adder barely misses you. The rat bites you.
* * * LOW HITPOINT WARNING * * *
The hobgoblin closely misses you. The dart slug launches a dart at you.
The slug dart misses you. The adder closely misses you.
It was a potion of cancellation.
You feel magically purged.
* * * LOW HITPOINT WARNING * * *
You feel sick. The rat bites you.
You die...

..##.. ...... #.####
.$... ##.###. ....
#...... ... ####......
.. ######.).......
##.###....(.....)...
##.S†...##....#......
###.w.@##....####......
......rg...#### #######
.....>.##### .......
....... ....... .......
.......


You could see an adder, a dart slug, a hobgoblin and a rat.

Vanquished Creatures
  A gnoll (D:1)
  2 adders (D:2)
  3 dart slugs (D:2)
  3 bats (D:2)
  A giant cockroach (D:1)
  6 goblins
  3 hobgoblins (D:2)
  5 jackals
  5 kobolds
  2 frilled lizards (D:2)
  4 rats
35 creatures vanquished.

Notes
Turn   | Place    | Note
-------+----------+-------------------------------------------
     0 | D:1      | slep the Hill Orc Gladiator began the quest for the Orb.
     0 | D:1      | Reached XP level 1. HP: 18/18 MP: 1/1
     7 | D:1      | Reached XP level 2. HP: 25/25 MP: 2/2
   639 | D:2      | Reached XP level 3. HP: 30/30 MP: 3/3
   761 | D:2      | Reached skill level 5 in Axes
   788 | D:2      | Reached XP level 4. HP: 21/37 MP: 4/4
   814 | D:2      | Reached skill level 1 in Armour
   817 | D:2      | Slain by a rat

Vault maps used:
D:1:      dpeg_arrival_central

Skill      XL: |  1  2  3  4 |
---------------+-------------+-----
Throwing       | 2 |  2.1
Axes           | 5 |  5.1
Armour         | 1 |  1.2
Dodging        | 3 |  3.0
Fighting       | |  2.8

Action                   |  1- 3 |  4- 6 || total
-------------------------+-------+-------++-------
Melee: War axe           |    93 |     7 ||   100
  Use: Potion            |       |     1 ||     1
Armor: Leather armour    |    44 |     1 ||    45
Dodge: Dodged            |    74 |    14 ||    88

Table legend:
 A = Spawn XP
 B = Non-spawn XP
 C = Spawn XP percentage of total XP
 D = Spawn monster count
 E = Non-spawn monster count
 F = Spawn count percentage of total count
 G = Total turns spent on level
                    A         B        C        D         E        F      G
               +---------+---------+-------+---------+---------+-------+---------
         Total |       0 |     101 |   0.0 |       0 |      35 |   0.0 |   817
               +---------+---------+-------+---------+---------+-------+---------
           D:1 |       0 |      33 |   0.0 |       0 |      12 |   0.0 |   638
           D:2 |       0 |      68 |   0.0 |       0 |      23 |   0.0 |   179
               +---------+---------+-------+---------+---------+-------+---------
